Map: 버밀리언의 특종

Players

광물

  • Race: Protoss Protoss
  • Spawn Location: 11:00

테라진

  • Race: Terran Terran
  • Spawn Location: 11:00

VOD

Have the link to the VOD?

Description

Time

  • Played on: Aug. 19, 2017, 10:10 a.m.
  • Length: 24:33
Show
View Real Time Build Order
Export as new Build Order

광물 Protoss 

Build Orders:  

Get SALT Encoding   

  12  0:03  Probe (Chrono Boost)  
  12  0:05  Dark Pylon  
  13  0:16  Probe (Chrono Boost)  
  14  0:27  Probe (Chrono Boost)  
  14  0:29  Assimilator  
  15  0:36  Assimilator  
  15  0:43  Probe (Chrono Boost)  
  16  0:55  Probe (Chrono Boost)  
  17  1:03  Gateway  
  17  1:08  Probe (Chrono Boost)  
  9  1:20  Probe (Chrono Boost)  
  19  1:28  Forge  
  19  1:33  Probe (Chrono Boost)  
  20  1:45  Probe (Chrono Boost)  
  21  1:51  Pylon  
  21  1:56  Probe (Chrono Boost)  
  22  2:09  Cybernetics Core  
  22  2:10  Protoss Ground Weapons Level 1 (Chrono Boost)  
  22  2:18  Probe  
  23  2:41  Gateway  
  23  2:44  Gateway  
  23  2:59  Death Council  
  23  3:04  Probe  
  24  3:19  Pylon  
  24  3:27  Gateway  
  24  3:29  Probe (Chrono Boost)  
  25  3:40  Warp Gate (Chrono Boost)  
  25  3:50  Dark Shrine  
  25  3:53  Stalker  
  27  4:03  Stalker  
  29  4:11  Stalker  
  31  4:26  Stalker  
  33  4:36  Stalker  
  35  4:54  Shadow Fury (Chrono Boost)  
  35  4:58  Probe (Chrono Boost)  
  36  5:23  Probe  
  35  5:40  Nexus  
  35  5:52  Assimilator  
  35  5:55  Assimilator  
  36  6:04  Dark Templar  
  36  6:07  Dark Templar  
  39  6:16  Dark Pylon  
  39  6:23  Dark Templar  
  41  6:31  Dark Templar  
  43  6:43  Probe (Chrono Boost)  
  44  6:50  Dark Templar  
  44  6:56  Pylon  
  44  6:57  Probe (Chrono Boost)  
  47  7:20  Protoss Ground Weapons Level 2  
  47  7:21  Probe (Chrono Boost)  
  48  7:33  Dark Templar x3  
  54  7:43  Dark Templar  
  54  7:46  Dark Templar Blink (Chrono Boost)  
  56  8:05  Probe (Chrono Boost)  
  56  8:06  Probe (Chrono Boost)  
  58  8:20  Probe  
  58  8:21  Probe  
  60  8:30  Stalker  
  60  8:31  Stalker  
  60  8:32  Stalker x2  
  68  8:47  Probe x2  
  70  9:02  Pylon  
  70  9:04  Pylon  
  70  9:07  Pylon  
  70  9:28  Probe  
  71  9:33  Dark Templar x3  
  71  9:34  Dark Templar  
  79  9:44  Probe  
  80  9:51  Probe  
  81  10:01  Probe  
  82  10:10  Probe  
  82  10:18  Probe  
  84  10:27  Probe  
  84  10:28  Blink  
  84  10:29  Dark Templar x2, Protoss Ground Weapons Level 3  
  89  10:30  Dark Templar x2  
  89  10:36  Pylon  
  89  10:40  Gateway  
  89  10:42  Gateway  
  89  10:45  Gateway  
  89  10:49  Phase Reactor, Gateway  
  89  11:28  Dark Templar x4  
  97  11:37  Pylon  
  97  11:40  Pylon  
  97  11:44  Pylon  
  97  12:12  Dark Templar x4  
  97  12:13  Stalker x2  
  97  12:14  Stalker  
  97  12:16  Stalker  
  113  12:46  Dark Templar x3  
  119  13:02  Pylon x2  
  119  13:19  Protoss Shields Level 1, Pylon  
  119  13:26  Dark Templar x2  
  119  13:27  Dark Templar x3  
  129  13:33  Pylon  
  129  13:45  Pylon  
  129  13:46  Probe  
  129  13:48  Pylon  
  129  13:49  Pylon  
  130  13:50  Pylon  
  130  14:03  Probe  
  131  14:16  Dark Templar x2  
  131  14:17  Dark Templar x2, Stalker  
  141  15:00  Dark Templar x4  
  141  15:05  Dark Templar  
  141  15:06  Dark Templar  
  153  15:31  Stalker x2  
  153  15:32  Stalker  
  156  16:09  Dark Templar  
  158  16:10  Dark Templar x4  
  162  16:39  Dark Templar x2  
  160  16:44  Dark Templar  
  156  16:55  Probe  
  157  17:03  Dark Templar  
  157  17:04  Dark Templar x2  
  159  17:11  Stalker  
  159  17:37  Stalker x2  
  159  17:38  Stalker x2  
  165  17:52  Pylon  
  165  17:56  Pylon  
  165  17:59  Pylon  
  165  18:02  Pylon  
  165  18:03  Pylon  
  165  18:19  Stalker  
  167  18:20  Stalker x6  
  179  18:52  Pylon  
  179  19:23  Dark Templar x3  
  179  19:24  Dark Templar x3  
  179  19:25  Dark Templar  
  193  19:50  Stalker  
  193  20:34  Probe  
  190  20:51  Probe  
  190  20:52  Pylon  
  190  20:56  Pylon  
  185  22:02  Stalker x3  
  185  22:03  Stalker x4  
  197  23:11  Dark Pylon  
  197  23:58  Dark Templar  
  199  24:11  Dark Pylon  
Show
View Real Time Build Order
Export as new Build Order

테라진 Terran 

Build Orders:  

Get SALT Encoding   

  12  0:03  SCV  
Tags
 
Add a new tag
Caveats
  • Supply blocks, unpowered buildings, or Contaminate may cause inaccurate times.
  • Supply counts are checked every 10 seconds.